 Dungeon Crawl Stone Soup version 0.22-a0-240-g539252a (webtiles) character file.

48 wolfsongas the Firebug (level 3, -1/25 HPs)
             Began as a Gnoll Fire Elementalist on Feb 22, 2018.
             Slain by Sigmund
             ... wielding a +0 scythe
              (9 damage)
             ... on level 2 of the Dungeon.
             The game lasted 00:03:13 (1256 turns).

wolfsongas the Firebug (Gnoll Fire Elementalist)    Turns: 1256, Time: 00:03:13

Health: -1/25      AC:  2    Str: 14 (15) XL:     3   Next: 72%
Magic:  8/9        EV: 14    Int: 15 (18) God:
Gold:   85         SH:  0    Dex: 14 (15) Spells: 8/12 levels left

rFire    . . .     SeeInvis .   j - +0 hunting sling
rCold    . . .     Gourm    .   (no shield)
rNeg     . . .     Faith    .   a - +0 robe
rPois    .         Spirit   .   (no helmet)
rElec    .         Reflect  .   (no cloak)
rCorr    .         Harm     .   (no gloves)
MR       .....                  (no boots)
Stlth    +.........             (no amulet)
HPRegen  0.08/turn              (no ring)
MPRegen  0.11/turn              (no ring)

@: confused, mighty, very slightly contaminated
A: distributed training, fangs 1, strong nose
a: no special abilities


You were on level 2 of the Dungeon.
You were not hungry.

You visited 1 branch of the dungeon, and saw 2 of its levels.

You collected 85 gold pieces.

Inventory:

Hand Weapons
 c - a +0 club
 j - a +0 hunting sling (weapon)
Missiles
 k - 16 stones (quivered)
Armour
 a - a +0 robe (worn)
Scrolls
 d - 3 scrolls of identify
 e - a scroll of blinking
 h - a scroll of teleportation
 i - a scroll of remove curse
 l - a scroll of fog {unknown}
Potions
 g - a potion of flight
Comestibles
 b - 6 rations
 f - a chunk of flesh


   Skills:
 + Level 0.9 Fighting
 + Level 0.9 Short Blades
 + Level 0.9 Long Blades
 + Level 0.9 Axes
 + Level 0.9 Maces & Flails
 + Level 0.9 Polearms
 + Level 0.9 Staves
 + Level 0.9 Slings
 + Level 0.9 Bows
 + Level 0.9 Crossbows
 + Level 0.9 Throwing
 + Level 0.9 Armour
 + Level 4.5 Dodging
 + Level 4.2 Stealth
 + Level 0.9 Shields
 + Level 0.9 Unarmed Combat
 + Level 5.0 Spellcasting
 + Level 2.1 Conjurations
 + Level 0.6 Hexes
 + Level 0.6 Charms
 + Level 0.6 Summonings
 + Level 0.6 Necromancy
 + Level 0.6 Translocations
 + Level 0.6 Transmutations
 + Level 5.4 Fire Magic
 + Level 0.6 Ice Magic
 + Level 0.6 Air Magic
 + Level 0.6 Earth Magic
 + Level 0.6 Poison Magic
 + Level 1.0 Invocations
 + Level 0.9 Evocations


You had 8 spell levels left.
You knew the following spells:

 Your Spells              Type           Power        Failure   Level  Hunger
a - Flame Tongue          Conj/Fire      ###..        3%          1    None
b - Inner Flame           Hex/Fire       ##......     14%         3    ###....


Dungeon Overview and Level Annotations

Branches:
Dungeon (2/15)

Altars:

Annotations:
D:2 Sigmund


Innate Abilities, Weirdness & Mutations

Your experience applies equally to all skills.
You have very sharp teeth.
Your uncanny sense of smell can sniff out nearby items.


Message History

Press: ? - help, Shift-Dir - straight line, f/p - Sigmund
Aim: Sigmund, wielding a scythe and wearing a robe (lightly wounded)
You shoot a stone.
The stone hits Sigmund but does no damage.
Sigmund is lightly wounded.
Sigmund points at you and mumbles some strange words.
You are confused.
Firing (i - inventory)
k - 18 stones (quivered)
Press: ? - help, Shift-Dir - straight line, f/p - Sigmund
Aim: Sigmund, wielding a scythe and wearing a robe (lightly wounded)
You shoot a stone. Sigmund closely misses you.
You're too confused to cast spells.
You're too confused!
Unknown command.
Firing (i - inventory)
k - 17 stones (quivered)
Press: ? - help, Shift-Dir - straight line, f/p - Sigmund
Aim: Sigmund, wielding a scythe and wearing a robe (lightly wounded)
You shoot a stone.
Sigmund hits you from afar with a scythe!
You die...

##### ############ #
(...####
#........... #.
......# #.##.##.####
#(.#.. #.###.##.##.#
# #.....
#........##.# .
#...@<##.###.#####.#
# #%...@..#
#.#####)## #
#..####.#
#..[....##.# # #.#
#...######.#
#.##..#..## #..
#.#...#...# ###
..#.#####รท# ##..
.##.. #...# #...
##..#...# #..# .
#...#.###..#


You could see Sigmund.

Vanquished Creatures
  An adder (D:2)
  A gnoll (D:1)
  A dart slug (D:1)
  8 bats
  3 goblins (D:1)
  2 hobgoblins (D:2)
  7 kobolds
  A ball python (D:1)
  A frilled lizard (D:1)
  4 rats
29 creatures vanquished.

Notes
Turn   | Place    | Note
-------+----------+-------------------------------------------
     0 | D:1      | wolfsongas the Gnoll Fire Elementalist began the quest for the Orb.
     0 | D:1      | Reached XP level 1. HP: 13/13 MP: 6/6
   150 | D:1      | Reached XP level 2. HP: 13/19 MP: 5/7
   315 | D:1      | Reached XP level 3. HP: 13/25 MP: 0/9
   551 | D:1      | Reached skill level 5 in Spellcasting
  1039 | D:2      | Reached skill level 1 in Invocations
  1069 | D:2      | Learned a level 3 spell: Inner Flame
  1243 | D:2      | Noticed Sigmund
  1256 | D:2      | Slain by Sigmund

Vault maps used:
D:1:      evilmike_arrival_crescent, minmay_vboxes
D:2:      gammafunk_temple_overflow_forgotten, uniq_sigmund

Skill      XL: |  1  2  3 |
---------------+----------+-----
Conjurations   | 2 |  2.1
Spellcasting   | 5 |  5.0
Invocations    | 1 |  1.0
Fighting       | |  0.9
Short Blades   | |  0.9
Long Blades    | |  0.9
Axes           | |  0.9
Maces & Flails | |  0.9
Polearms       | |  0.9
Staves         | |  0.9
Slings         | |  0.9
Bows           | |  0.9
Crossbows      | |  0.9
Throwing       | |  0.9
Armour         | |  0.9
Dodging        | |  4.5
Stealth        | |  4.2
Shields        | |  0.9
Unarmed Combat | |  0.9
Hexes          | |  0.6
Charms         | |  0.6
Summonings     | |  0.6
Necromancy     | |  0.6
Translocations | |  0.6
Transmutations | |  0.6
Fire Magic     | |  5.4
Ice Magic      | |  0.6
Air Magic      | |  0.6
Earth Magic    | |  0.6
Poison Magic   | |  0.6
Evocations     | |  0.9

Action                   || total
-------------------------++-------
Melee: Club              ||    23
 Fire: Hunting sling     ||    29
 Cast: Flame Tongue      ||    29
  Use: Scroll            ||     5
       Potion            ||     3
 Stab: Sleeping          ||     3
  Eat: Chunk             ||     1
Armor: Robe              ||     7
       Skin              ||    14
Dodge: Dodged            ||    34

Table legend:
 A = Spawn XP
 B = Non-spawn XP
 C = Spawn XP percentage of total XP
 D = Spawn monster count
 E = Non-spawn monster count
 F = Spawn count percentage of total count
 G = Total turns spent on level
                    A         B        C        D         E        F      G
               +---------+---------+-------+---------+---------+-------+---------
         Total |       0 |      69 |   0.0 |       0 |      29 |   0.0 |  1256
               +---------+---------+-------+---------+---------+-------+---------
           D:1 |       0 |      44 |   0.0 |       0 |      20 |   0.0 |   934
           D:2 |       0 |      25 |   0.0 |       0 |       9 |   0.0 |   322
               +---------+---------+-------+---------+---------+-------+---------
